 Dungeon Crawl Stone Soup version 0.23-a0-295-g2e428d4 (webtiles) character file.

705 DapperDogman the Charlatan (level 7, -4/53 HPs)
             Began as a Gnoll Artificer on Oct 4, 2018.
             Slain by TBriggs11TB's ghost (9 damage)
             ... on level 6 of the Dungeon.
             The game lasted 00:12:29 (3860 turns).

DapperDogman the Charlatan (Gnoll Artificer)        Turns: 3860, Time: 00:12:30

Health: -4/53      AC:  8    Str: 16    XL:     7   Next: 67%
Magic:  12/12      EV: 12    Int: 14    God:
Gold:   219        SH:  0    Dex: 15    Spells: 11/11 levels left

rFire    + . .     SeeInvis +   k - +2 dagger (venom)
rCold    + . .     Gourm    .   (no shield)
rNeg     . . .     Faith    .   y - +1 scale mail
rPois    .         Spirit   .   B - +0 helmet
rElec    .         Reflect  .   z - scarf {rC+ rF+}
rCorr    .         Harm     .   (no gloves)
MR       .....                  (no boots)
Stlth    ..........             (no amulet)
HPRegen  0.17/turn              l - ring of attention (curse)
MPRegen  0.13/turn              s - ring of see invisible

@: flying
A: distributed training, fangs 1, strong nose
a: no special abilities


You were on level 6 of the Dungeon.
You were not hungry.

You visited 1 branch of the dungeon, and saw 5 of its levels.

You collected 219 gold pieces.

Inventory:

Hand Weapons
 a - a +1 short sword
 k - a +2 dagger of venom (weapon)
Armour
 y - a +1 scale mail (worn)
 z - a scarf of resistance (worn)
 B - a +0 helmet (worn)
Jewellery
 l - a cursed ring of attention (left hand)
 n - an uncursed ring of poison resistance
 o - an uncursed ring of stealth
 s - a ring of see invisible (right hand)
Wands
 c - a wand of flame (11)
 d - a wand of enslavement (15)
 e - a wand of random effects (30)
 r - a wand of polymorph (19)
Scrolls
 g - a scroll of amnesia
 m - a scroll of random uselessness
Potions
 h - a potion of haste {unknown}
 i - a potion of agility {unknown}
 j - 2 potions of flight
 p - 2 potions of resistance {unknown}
 q - a potion of ambrosia {unknown}
 t - a potion of mutation {unknown}
 u - a potion of invisibility {unknown}
 w - a potion of curing {unknown}
 A - a potion of heal wounds {unknown}
Comestibles
 f - 7 rations


   Skills:
 + Level 3.7 Fighting
 + Level 3.7 Short Blades
 + Level 2.6 Long Blades
 + Level 2.6 Axes
 + Level 2.6 Maces & Flails
 + Level 2.6 Polearms
 + Level 2.6 Staves
 + Level 2.6 Slings
 + Level 2.6 Bows
 + Level 2.6 Crossbows
 + Level 2.6 Throwing
 + Level 2.6 Armour
 + Level 5.3 Dodging
 + Level 3.5 Stealth
 + Level 2.6 Shields
 + Level 2.6 Unarmed Combat
 + Level 2.6 Spellcasting
 + Level 2.1 Conjurations
 + Level 2.1 Hexes
 + Level 2.1 Charms
 + Level 2.1 Summonings
 + Level 2.1 Necromancy
 + Level 2.1 Translocations
 + Level 2.1 Transmutations
 + Level 2.1 Fire Magic
 + Level 2.1 Ice Magic
 + Level 2.1 Air Magic
 + Level 2.1 Earth Magic
 + Level 2.1 Poison Magic
 + Level 2.9 Invocations
 + Level 7.1 Evocations


You had 11 spell levels left.
You didn't know any spells.
Your spell library was empty.

Dungeon Overview and Level Annotations

Branches:
Dungeon (4/15)
 Temple: D:4-7

Altars:
Trog
Uskayaw
Xom

Annotations:
D:6 TBriggs11TB's ghost, novice HuBe


Innate Abilities, Weirdness & Mutations

Your experience applies equally to all skills.
You have very sharp teeth.
Your uncanny sense of smell can sniff out nearby items.


Message History

TBriggs11TB's ghost hits you but does no damage.
You hit TBriggs11TB's ghost.
TBriggs11TB's ghost is lightly damaged.
TBriggs11TB's ghost closely misses you.
You barely miss TBriggs11TB's ghost. You bite TBriggs11TB's ghost.
TBriggs11TB's ghost is lightly damaged.
TBriggs11TB's ghost hits you.
You hit TBriggs11TB's ghost but do no damage.
TBriggs11TB's ghost is lightly damaged.
You hit TBriggs11TB's ghost but do no damage.
TBriggs11TB's ghost is lightly damaged.
TBriggs11TB's ghost closely misses you.
You hit TBriggs11TB's ghost but do no damage.
TBriggs11TB's ghost is lightly damaged.
TBriggs11TB's ghost hits you!
* * * LOW HITPOINT WARNING * * *
It was a potion of flight.
You feel very buoyant.
You fly up into the air.
TBriggs11TB's ghost hits you!
You die...

.#....#...................#.....#
.#....#...................#.....#
#######...................###'###
#######################...#
#...........# ###...........#
#.............#
####.#...........#
#@WZ.(..#...###### ###'''###...#
#.Z!....#..[# ##.....##...#
#.......#..[# ##.?%..######
#..#.#..# #########


You could see a spectral leopard gecko, TBriggs11TB's ghost and an adder
simulacrum.

Vanquished Creatures
  An ice beast (D:4)
  2 ogres
  A hound (D:4)
  3 orc priests
  2 orc wizards (D:4)
  A bullfrog skeleton (D:6)
  A worker ant (D:4)
  3 gnolls (D:3)
  7 adders
  5 worms
  4 dart slugs
  6 leopard geckos
  18 orcs
  A ball python (D:1)
  8 bats
  9 giant cockroaches
  6 goblins
  5 hobgoblins
  2 jackals (D:6)
  8 kobolds
  A quokka (D:3)
  4 frilled lizards
  A leopard gecko skeleton (D:4)
  A quokka skeleton (D:4)
  5 rats
  2 butterflies (D:2)
107 creatures vanquished.

Vanquished Creatures (others)
  A rat (D:2)
1 creature vanquished.

Grand Total: 108 creatures vanquished

Notes
Turn   | Place    | Note
-------+----------+-------------------------------------------
     0 | D:1      | DapperDogman the Gnoll Artificer began the quest for the
                  | Orb.
     0 | D:1      | Reached XP level 1. HP: 17/17 MP: 4/4
    83 | D:1      | Reached XP level 2. HP: 16/23 MP: 6/6
   519 | D:1      | Reached XP level 3. HP: 28/28 MP: 7/7
   820 | D:2      | Reached skill level 1 in Invocations
   939 | D:2      | Reached skill level 1 in Long Blades
   939 | D:2      | Reached skill level 1 in Axes
   939 | D:2      | Reached skill level 1 in Maces & Flails
   939 | D:2      | Reached skill level 1 in Polearms
   939 | D:2      | Reached skill level 1 in Staves
   939 | D:2      | Reached skill level 1 in Slings
   939 | D:2      | Reached skill level 1 in Bows
   939 | D:2      | Reached skill level 1 in Crossbows
   939 | D:2      | Reached skill level 1 in Throwing
   939 | D:2      | Reached skill level 1 in Armour
   939 | D:2      | Reached skill level 1 in Shields
   939 | D:2      | Reached skill level 1 in Unarmed Combat
   939 | D:2      | Reached skill level 1 in Spellcasting
   968 | D:2      | Reached XP level 4. HP: 30/34 MP: 8/8
  1162 | D:2      | Reached skill level 1 in Conjurations
  1162 | D:2      | Reached skill level 1 in Hexes
  1162 | D:2      | Reached skill level 1 in Charms
  1162 | D:2      | Reached skill level 1 in Summonings
  1162 | D:2      | Reached skill level 1 in Necromancy
  1162 | D:2      | Reached skill level 1 in Translocations
  1162 | D:2      | Reached skill level 1 in Transmutations
  1162 | D:2      | Reached skill level 1 in Fire Magic
  1162 | D:2      | Reached skill level 1 in Ice Magic
  1162 | D:2      | Reached skill level 1 in Air Magic
  1162 | D:2      | Reached skill level 1 in Earth Magic
  1162 | D:2      | Reached skill level 1 in Poison Magic
  1418 | D:2      | Reached XP level 5. HP: 39/40 MP: 9/9
  1559 | D:2      | Found a shimmering altar of Xom.
  2415 | D:3      | Reached XP level 6. HP: 35/47 MP: 11/11
  2716 | D:4      | Noticed an ice beast
  2738 | D:4      | Killed an ice beast
  2738 | D:4      | Reached skill level 5 in Dodging
  2748 | D:4      | Found a hide-covered altar of Uskayaw.
  2748 | D:4      | Found a bloodstained altar of Trog.
  2838 | D:4      | Reached XP level 7. HP: 35/52 MP: 12/12
  3068 | D:4      | Reached skill level 7 in Evocations
  3401 | D:4      | You fall through a shaft for 2 floors!
  3824 | D:6      | Found a runed gate.
  3824 | D:6      | Found a runed gate.
  3824 | D:6      | Found a runed gate.
  3824 | D:6      | Noticed TBriggs11TB's ghost (novice HuBe)
  3860 | D:6      | Slain by TBriggs11TB's ghost

Vault maps used:
D:1:      ebering_trefoil_twist
D:2:      cheibrodos_pilgrimage, xom_butterflies, nicolae_underground_beach
D:4:      gammafunk_temple_overflow_pools, first_ration
D:6:      gammafunk_ghost_necromancy

Skill      XL: |  1  2  3  4  5  6  7 |
---------------+----------------------+-----
Invocations    | 1 2 |  2.9
Long Blades    | 1 2 |  2.6
Axes           | 1 2 |  2.6
Maces & Flails | 1 2 |  2.6
Polearms       | 1 2 |  2.6
Staves         | 1 2 |  2.6
Slings         | 1 2 |  2.6
Bows           | 1 2 |  2.6
Crossbows      | 1 2 |  2.6
Throwing       | 1 2 |  2.6
Armour         | 1 2 |  2.6
Shields        | 1 2 |  2.6
Unarmed Combat | 1 2 |  2.6
Spellcasting   | 1 2 |  2.6
Conjurations   | 1 2 |  2.1
Hexes          | 1 2 |  2.1
Charms         | 1 2 |  2.1
Summonings     | 1 2 |  2.1
Necromancy     | 1 2 |  2.1
Translocations | 1 2 |  2.1
Transmutations | 1 2 |  2.1
Fire Magic     | 1 2 |  2.1
Ice Magic      | 1 2 |  2.1
Air Magic      | 1 2 |  2.1
Earth Magic    | 1 2 |  2.1
Poison Magic   | 1 2 |  2.1
Fighting       | 3 |  3.7
Short Blades   | 3 |  3.7
Dodging        | 5 |  5.3
Stealth        | 3 |  3.5
Evocations     | 7 |  7.1

Action                   |  1- 3 |  4- 6 |  7- 9 || total
-------------------------+-------+-------+-------++-------
Melee: Short sword       |    97 |       |       ||    97
       Bite              |    13 |    20 |    10 ||    43
       Dagger            |    29 |   193 |    71 ||   293
       Punch             |       |     2 |     1 ||     3
Evoke: Wand              |       |     1 |     6 ||     7
  Use: Scroll            |     5 |     2 |     3 ||    10
       Potion            |       |       |     1 ||     1
 Stab: Sleeping          |     3 |       |       ||     3
  Eat: Chunk             |       |     6 |       ||     6
       Ration            |       |       |     2 ||     2
Armor: Ring mail         |    34 |    34 |       ||    68
       Scale mail        |       |    21 |    23 ||    44
Dodge: Dodged            |    82 |   103 |    31 ||   216

Table legend:
 A = Non-vault XP
 B = Vault XP
 C = Vault XP percentage of total XP
 D = Non-vault monster count
 E = Vault monster count
 F = Vault count percentage of total count
                 A         B        C        D         E       F
            +---------+---------+-------+---------+---------+-------
      Total |     912 |      96 |   9.5 |      97 |       8 |   7.6
            +---------+---------+-------+---------+---------+-------
        D:1 |      42 |       0 |   0.0 |      22 |       0 |   0.0
        D:2 |     106 |      59 |  35.8 |      31 |       7 |  18.4
        D:3 |     115 |       0 |   0.0 |      23 |       0 |   0.0
        D:4 |     510 |       0 |   0.0 |      17 |       0 |   0.0
        D:6 |     139 |      37 |  21.0 |       4 |       1 |  20.0
            +---------+---------+-------+---------+---------+-------
